 Dungeon Crawl Stone Soup version 0.28-a0-1190-g77e1c55843 (webtiles) character file.

Game seed: 12158579470337860790

63 chumloofah the Skirmisher (level 3, -4/29 HPs)
             Began as a Demonspawn Chaos Knight on Dec 11, 2021.
             Was a Plaything of Xom.
             Splashed by a jelly's acid (12 damage)
             ... on level 3 of the Dungeon on Dec 18, 2021.
             The game lasted 00:07:57 (1662 turns).

chumloofah the Skirmisher (Demonspawn Chaos Knight) Turns: 1662, Time: 00:07:59

Health: -4/29      AC: -2    Str: 14    XL:     3   Next: 87%
Magic:  3/3        EV: 11    Int: 13    God:    Xom [...*..]
Gold:   88         SH:  0    Dex: 12    Spells: 2/2 levels left

rFire   . . .      SeeInvis .   a - +0 hand axe (chaos)
rCold   . . .      Faith    .   (no shield)
rNeg    . . .      Spirit   .   b - +2 leather armour
rPois   .          Reflect  .   (no helmet)
rElec   .          Harm     .   (no cloak)
rCorr   .          Rampage  .   (no gloves)
Will    .....                   (no boots)
Stlth   +.........              (no amulet)
HPRegen 0.09/turn               (no ring)
MPRegen 0.08/turn               (no ring)

@: corroded
A: demonic guardian 1, ignite blood 1
a: Renounce Religion


You were on level 3 of the Dungeon.
You worshipped Xom.
You were a favourite toy of Xom.
You visited 1 branch of the dungeon, and saw 3 of its levels.

You collected 88 gold pieces.

Inventory:

Hand Weapons
 a - a +0 hand axe of chaos (weapon)
Missiles
 c - 21 sling bullets
Armour
 b - a +2 leather armour (worn)
 g - a +0 ring mail
Scrolls
 d - a scroll of teleportation {unknown}
 e - 3 scrolls of identify {unknown}
 h - a scroll of enchant armour {unknown}
 i - a scroll of fog {unknown}
Potions
 f - a potion of curing {unknown}


   Skills:
 + Level 3.4 Fighting
 * Level 3.4 Axes
 + Level 2.3 Armour
 + Level 1.6 Dodging


You had 2 spell levels left.
You didn't know any spells.
Your spell library contained the following spells:

 Spells                   Type           Power      Damage    Failure   Level
 Beastly Appendage        Tmut           0%         N/A       36%         1
 Wereblood                Tmut           0%         N/A       50%         2
 Spider Form              Tmut/Pois      0%         N/A       75%         3


Dungeon Overview and Level Annotations

Branches:
Dungeon (3/15)

Altars:
Wu Jian


Innate Abilities, Weirdness & Mutations

A weak demonic guardian rushes to your aid.
Your demonic aura sometimes causes spilled blood to erupt in flames.


Message History

The ball python closely misses you. The ball python grabs you.
The ball python constricts you. The rat closely misses you.
You closely miss the ball python. You hit the rat but do no damage.
You hit the quokka. You freeze the quokka.
You kill the quokka!
The ball python closely misses you. The ball python constricts you.
The rat bites you but does no damage.
You hit the ball python.
The ball python seems to slow down.
You freeze the ball python.
You kill the ball python!
You closely miss the rat. The rat closely misses you.
You barely miss the rat. The rat bites you but does no damage.
You barely miss the rat. The rat closely misses you.
You hit the rat.
You kill the rat!
There is a stone staircase leading up here.
HP restored.
A jelly comes into view.
Okay, then.
Press: ? - help, . - travel You can't see that place. [the floor.] Xom smiles on you.
You feel better.
You hit the jelly. You freeze the jelly. The acid corrodes you!
Your hands burn!
The jelly is heavily wounded.
You are now a favourite toy of Xom.
The jelly barely misses you.
You hit the jelly but do no damage. The acid corrodes you!
Your hands burn!
The jelly is moderately wounded.
The jelly hits you.
You are splashed with acid!
A shower of butterflies erupts from you!
You hit the jelly but do no damage.
Your hands burn!
The jelly is moderately wounded.
The jelly hits you.
* * * LOW HITPOINT WARNING * * *
You are splashed with acid!
You die...
Xom is highly amused!

..............#
..#............#
.. ...........#
.. #.†........
#b #.†.....# #.
#.<.....# #.
###.......#
#J###.b.#######
#b@.b...#
#####...# ##.##
#... #####


You could see a jelly (ally target).

Vanquished Creatures
  An adder (D:2)
  3 dart slugs
  2 ball pythons
  6 endoplasms
  A giant cockroach (D:2)
  5 goblins
  2 hobgoblins
  3 jackals (D:1)
  3 kobolds
  2 quokkas
  8 bats
  5 frilled lizards
  5 rats
46 creatures vanquished.

Notes
Turn   | Place    | Note
-------+----------+-------------------------------------------
     0 | D:1      | chumloofah the Demonspawn Chaos Knight began the quest for
                  | the Orb.
     0 | D:1      | Reached XP level 1. HP: 18/18 MP: 1/1
    99 | D:1      | XOM: silly message
   123 | D:1      | Reached skill level 1 in Dodging
   191 | D:1      | XOM: noise
   205 | D:1      | Gained mutation: Your demonic aura sometimes causes spilled
                  | blood to erupt in flames. [demonic ancestry]
   205 | D:1      | Reached XP level 2. HP: 24/24 MP: 2/2
   335 | D:1      | XOM: divination: magic mapping
   376 | D:1      | XOM: silly message
   401 | D:1      | XOM is BORED!
   441 | D:1      | XOM: silly message
   508 | D:1      | XOM: cast spell 'Olgreb's Toxic Radiance'
   519 | D:1      | Upgraded the game from 0.28-a0-1114-g8eb0198dcf to
                  | 0.28-a0-1190-g77e1c55843
   690 | D:1      | Gained mutation: A weak demonic guardian rushes to your
                  | aid. [demonic ancestry]
   690 | D:1      | Reached XP level 3. HP: 29/29 MP: 3/3
   932 | D:2      | Found a faded altar of an unknown god.
  1266 | D:2      | Found an ornate altar of the Wu Jian Council.
  1656 | D:3      | XOM: potion effect (curing)
  1661 | D:3      | XOM: butterfly on damage
  1662 | D:3      | Splashed by a jelly's acid

Illustrated notes

Levels and vault maps discovered:
D:1:      dpeg_arrival_boxorama, layout_rooms
D:2:      layout_basic, basic_altar, ebering_ecumenical_altar_petrified,
          grunt_ministairs_6
D:3:      layout_loops_cross, roderic_roman_lattice, minmay_gold_behind_fungi,
          grunt_ministairs_4, uniq_natasha

Skill      XL: |  1  2 |
---------------+-------+-----
Dodging        | 1 |  1.6
Armour         | 2 |  2.3
Axes           | 3 |  3.4
Fighting       | |  3.4

Action                   || total
-------------------------++-------
Melee: Hand axe          ||   143
Armor: Leather armour    ||    72
Dodge: Dodged            ||   104

Table legend: (Time is in decaauts)
 A = Elapsed time spent in this place.
 B = Non-inter-level travel time spent in this place.
 C = Inter-level travel time spent in this place.
 D = Time resting spent in this place.
 E = Time spent auto-exploring this place.
 F = Levels seen in this place.
 G = Mean time per level.
                   A        B        C        D        E       F      G
               +--------+--------+--------+--------+--------+-----+--------+
         Total |   1683 |   1594 |     89 |     77 |    901 |   3 |  561.0 |
       Dungeon |   1683 |   1594 |     89 |     77 |    901 |   3 |  561.0 |
               +--------+--------+--------+--------+--------+-----+--------+

Top non-repeatable levels by time:
     D:1: 943 daAuts
     D:2: 669 daAuts
     D:3: 71 daAuts
